 Dungeon Crawl Stone Soup version 0.29.0-4-gdea44cf6ec (webtiles) character file.

Game seed: 16091660113726553651

15 qw the Sneak (level 2, -3/19 HPs)
             Began as a Gargoyle Delver on Sept 10, 2022.
             Slain by a human zombie (4 damage)
             ... in an ossuary.
             The game lasted 00:00:29 (447 turns).

qw the Sneak (Gargoyle Delver)                       Turns: 447, Time: 00:00:30

Health: -3/19      AC:  7    Str: 15    XL:     2   Next: 50%
Magic:  2/2        EV: 10    Int: 10    God:
Gold:   0          SH:  5    Dex: 11    Spells: 1/1 levels left

rFire   . . .      SeeInvis .   Y - +0 hand axe
rCold   . . .      Faith    .   (no shield)
rNeg    + . .      Spirit   .   d - +0 ring mail
rPois   inf        Reflect  +   (no helmet)
rElec   +          Harm     .   (no cloak)
rCorr   .          Rampage  .   (no gloves)
Will    .....                   (no boots)
Stlth   ++........              a - amulet of reflection
HPRegen 0.06/turn               (no ring)
MPRegen 0.08/turn               (no ring)

@: no status effects
A: sickness immunity, AC +2, negative energy resistance 1, electricity
resistance, torment resistance 1, petrification resistance
a: no special abilities


You were in an ossuary.
You visited 1 branch of the dungeon, and saw 2 of its levels.
You also visited: Ossuary.


Innate Abilities, Weirdness & Mutations

You are immune to sickness and miasma.
Your stone body is resilient. (AC +2)
You are immune to poison.
You resist negative energy. (rN+)
You are resistant to electric shocks. (rElec)
You are resistant to unholy torment.
You are immune to petrification.


   Skills:
 - Level 3.2 Fighting
 + Level 2.7 Axes
 - Level 1.5 Dodging
 - Level 5.4 Stealth


You had one spell level left.
You didn't know any spells.
Your spell library was empty.

Inventory:

Hand Weapons
 c - a +0 club
 Y - a +0 hand axe (weapon)
Armour
 d - a +0 ring mail (worn)
Jewellery
 a - an amulet of reflection (around neck)
Wands
 g - a wand of digging (3)
Scrolls
 h - 2 scrolls of amnesia {unknown}
Potions
 b - 2 potions of might {unknown}
 e - 2 potions of curing {unknown}
 f - a potion of haste
 i - 2 potions of flight {unknown}

Dungeon Overview and Level Annotations

Branches:
Dungeon (5/15)            Ossuary (1/1)
 Temple: D:4-7

Altars:


Message History

The human zombie hits you but does no damage.
You hit the human zombie.
The human zombie is lightly damaged.
The human zombie hits you but does no damage.
You hit the human zombie.
The human zombie is lightly damaged.
The human zombie hits you.
You hit the human zombie.
The human zombie is moderately damaged.
The human zombie hits you.
You hit the human zombie.
The human zombie is heavily damaged.
You block the human zombie's attack.
You hit the human zombie.
The human zombie is heavily damaged.
You block the human zombie's attack.
You barely miss the human zombie.
The human zombie is heavily damaged.
The human zombie hits you.
You hit the human zombie.
The human zombie is heavily damaged.
You barely miss the human zombie.
The human zombie is heavily damaged.
The human zombie hits you.
You slash the human zombie!
The human zombie is severely damaged.
The human zombie hits you.
You closely miss the human zombie.
The human zombie is severely damaged.
The human zombie closely misses you.
You closely miss the human zombie.
The human zombie is severely damaged.
The human zombie hits you.
You hit the human zombie.
The human zombie is severely damaged.
You block the human zombie's attack.
You hit the human zombie.
The human zombie is almost destroyed.
The human zombie hits you.
You die...

###################
.......\\.........#
..................#
.##############...#
#ZZZ#...# #...#
#ZZ.#...#### #...#
####Z....... #...#
#..@..\.#### #...#
#.......# #...#
#.......# #...#
#.......####.#...#
#............#...#
#.####..####.#...#
#.#..#.^# #...#
#..?.#..# #...#
######.^######...#


You could see a human zombie.

Vanquished Creatures
  An orc (D:4)
  A giant cockroach (D:4)
  A ball python (D:4)
  4 hobgoblin zombies (Ossuary)
  A jackal zombie (Ossuary)
  4 kobold zombies (Ossuary)
  6 orc zombies (Ossuary)
  A rat zombie (D:4)
19 creatures vanquished.

Notes
Turn   | Place    | Note
-------+----------+-------------------------------------------
     0 | D:5      | qw the Gargoyle Delver began the quest for the Orb.
     0 | D:5      | Reached XP level 1. HP: 14/14 MP: 1/1
     0 | D:5      | 0 ||| qw: Version: 0.1-a-116-g5d60599
     0 | D:5      | 0 ||| qw: Game counter: 7948
     0 | D:5      | 0 ||| qw: Always use a shield: true
     0 | D:5      | 0 ||| qw: God list: Okawaru
     0 | D:5      | 0 ||| qw: Allow faded altars: false
     0 | D:5      | 0 ||| qw: Do Orc after D:15 true
     0 | D:5      | 0 ||| qw: Do second Lair branch before Depths: true
     0 | D:5      | 0 ||| qw: Lair rune preference: random
     0 | D:5      | 0 ||| qw: Plans: Normal
     0 | D:5      | 0 ||| PLANNING D:1-11
    17 | D:5      | 17 ||| READING scroll labelled ACKEYGUHAD.
    18 | D:5      | 18 ||| DROPPING scroll of fog.
    19 | D:5      | 19 ||| DROPPING scroll of magic mapping.
    20 | D:5      | 20 ||| DROPPING scroll of fear.
    30 | D:4      | 30 ||| PLANNING OSSUARY
    94 | D:4      | Found a sand-covered staircase.
    95 | D:4      | 95 ||| UPGRADING to +0 ring mail.
   105 | D:4      | 105 ||| DROPPING +0 leather armour.
   106 | D:4      | 106 ||| UPGRADING to amulet of reflection.
   155 | Ossuary  | Entered an ossuary
   168 | Ossuary  | 168 ||| Stepping ~*~*~tactically~*~*~ (stealth).
   170 | Ossuary  | 170 ||| Stepping ~*~*~tactically~*~*~ (stealth).
   248 | Ossuary  | 248 ||| Stepping ~*~*~tactically~*~*~ (stealth).
   250 | Ossuary  | 250 ||| Stepping ~*~*~tactically~*~*~ (stealth).
   252 | Ossuary  | 252 ||| Stepping ~*~*~tactically~*~*~ (stealth).
   254 | Ossuary  | 254 ||| Stepping ~*~*~tactically~*~*~ (stealth).
   259 | Ossuary  | Reached XP level 2. HP: 19/19 MP: 2/2
   260 | Ossuary  | 260 ||| Stepping ~*~*~tactically~*~*~ (stealth).
   262 | Ossuary  | 262 ||| Stepping ~*~*~tactically~*~*~ (stealth).
   264 | Ossuary  | 264 ||| Stepping ~*~*~tactically~*~*~ (stealth).
   266 | Ossuary  | 266 ||| Stepping ~*~*~tactically~*~*~ (stealth).
   268 | Ossuary  | 268 ||| Stepping ~*~*~tactically~*~*~ (stealth).
   273 | Ossuary  | 273 ||| Stepping ~*~*~tactically~*~*~ (stealth).
   326 | Ossuary  | 326 ||| Stepping ~*~*~tactically~*~*~ (stealth).
   338 | Ossuary  | 338 ||| Stepping ~*~*~tactically~*~*~ (stealth).
   340 | Ossuary  | 340 ||| Stepping ~*~*~tactically~*~*~ (stealth).
   342 | Ossuary  | 342 ||| Stepping ~*~*~tactically~*~*~ (stealth).
   388 | Ossuary  | 388 ||| Stepping ~*~*~tactically~*~*~ (stealth).
   418 | Ossuary  | 418 ||| Stepping ~*~*~tactically~*~*~ (stealth).
   420 | Ossuary  | 420 ||| Stepping ~*~*~tactically~*~*~ (stealth).
   422 | Ossuary  | 422 ||| Stepping ~*~*~tactically~*~*~ (stealth).
   443 | Ossuary  | HP: 3/19 [human zombie (4)]
   445 | Ossuary  | HP: 1/19 [human zombie (2)]
   447 | Ossuary  | Slain by a human zombie

Levels and vault maps discovered:
D:4:      layout_loops_corners, minmay_temple_entry_antechambers,
          enter_ossuary_3, eino_small_chamber_without_monster, uniq_sigmund,
          uniq_menkaure
D:5:      nicolae_cairo_tiling, layout_loops_ring, dancing_weapons_uskayaw,
          kennysheep_mini
Ossuary:  ossuary_tomb_1

Skill      XL: |  1 |
---------------+----+-----
Axes           | 2 |  2.7
Fighting       | |  3.2
Dodging        | |  1.5
Stealth        | |  5.4

Action                   || total
-------------------------++-------
Melee: Hand axe          ||    79
       Punch             ||     1
  Use: Scroll            ||     1
 Stab: Sleeping          ||     1
Armor: Leather armour    ||     6
       Ring mail         ||    20
Dodge: Dodged            ||    13
Block: Other             ||    12

Table legend:
 A = Non-vault XP
 B = Vault XP
 C = Vault XP percentage of total XP
 D = Non-vault monster count
 E = Vault monster count
 F = Vault count percentage of total count
                 A         B        C        D         E       F
            +---------+---------+-------+---------+---------+-------
      Total |       6 |      16 |  72.7 |       3 |      16 |  84.2
            +---------+---------+-------+---------+---------+-------
        D:4 |       6 |       1 |  14.3 |       3 |       1 |  25.0
    Ossuary |       0 |      15 | 100.0 |       0 |      15 | 100.0
            +---------+---------+-------+---------+---------+-------
